 Dungeon Crawl Stone Soup version 0.28-a0-796-gd4f0d3f9b2 (webtiles) character file.

Game seed: 8019893298637249008

42 Decritt the Skirmisher (level 3, 0/33 HPs)
             Began as a Minotaur Monk on Nov 6, 2021.
             Slain by a goblin (5 damage)
             ... led by Robin
             ... on level 2 of the Dungeon.
             The game lasted 00:03:09 (1319 turns).

Decritt the Skirmisher (Minotaur Monk)              Turns: 1319, Time: 00:03:09

Health: 0/33       AC: 10    Str: 16    XL:     3   Next: 33%
Magic:  2/2        EV:  5    Int:  7    God:
Gold:   52         SH:  0    Dex: 12    Spells: 2/2 levels left

rFire   . . .      SeeInvis .   h - +0 trident
rCold   . . .      Faith    .   (no shield)
rNeg    . . .      Spirit   .   g - +0 plate armour
rPois   .          Reflect  .   (helmet restricted)
rElec   .          Harm     .   (no cloak)
rCorr   .          Rampage  .   (no gloves)
Will    .....                   (no boots)
Stlth   ..........              (no amulet)
HPRegen 0.11/turn               (no ring)
MPRegen 0.08/turn               (no ring)

@: no status effects
A: horns 2, retaliatory headbutt
a: no special abilities


You were on level 2 of the Dungeon.
You visited 1 branch of the dungeon, and saw 2 of its levels.

You collected 52 gold pieces.

Inventory:

Hand Weapons
 a - a +0 mace
 h - a +0 trident (weapon)
Missiles
 f - 19 stones (quivered)
Armour
 b - a +0 robe
 g - a +0 plate armour (worn)
Scrolls
 d - 3 scrolls of brand weapon {unknown}
Potions
 c - a potion of brilliance {unknown}
 e - 2 potions of cancellation {unknown}


   Skills:
 + Level 4.1 Fighting
 - Level 3.9 Maces & Flails
 + Level 1.0 Polearms
 + Level 0.1 Throwing
 + Level 1.6 Armour
 + Level 3.7 Dodging
 - Level 1.5 Stealth


You had 2 spell levels left.
You didn't know any spells.
Your spell library contained the following spells:

 Spells                   Type           Power      Damage    Failure   Level
 Slow                     Hex            0%         N/A       100%        1
 Confusing Touch          Hex            0%         N/A       100%        3
 Vampiric Draining        Necr           0%         2d6       100%        3


Dungeon Overview and Level Annotations

Branches:
Dungeon (2/15)

Altars:

Annotations:
D:2 Robin


Innate Abilities, Weirdness & Mutations

You have a pair of horns on your head.
You reflexively headbutt those who attack you in melee.


Message History

You kill the goblin!
The goblin no longer looks unusually strong. x2
Robin throws the goblin at you!
* * * LOW HITPOINT WARNING * * *
The goblin hits you with a +0 dagger.
* * * LOW HITPOINT WARNING * * *
The goblin hits you but does no damage.
Robin roars a battlecry!
The goblins go into a battle-frenzy!
You miss the goblin.
The goblin hits you but does no damage. x2
You closely miss the goblin. The goblin hits you but does no damage.
The goblin barely misses you. x2
You closely miss the goblin. Your headbutt misses the goblin.
The goblin no longer looks unusually strong.
The goblin barely misses you.
The goblin hits you but does no damage. x2
Unknown command.
You puncture the goblin!
You kill the goblin!
The goblin no longer looks unusually strong.
Robin roars a battlecry!
The goblins go into a battle-frenzy!
The goblin hits you with a +0 dagger.
* * * LOW HITPOINT WARNING * * *
Robin throws the goblin at you!
You hit the goblin.
The goblin is severely wounded.
The goblin hits you with a +0 dagger.
* * * LOW HITPOINT WARNING * * *
The goblin barely misses you.
You miss the goblin.
The goblin is severely wounded.
The hobgoblin no longer looks unusually strong.
The goblin hits you but does no damage. x2
Robin roars a battlecry!
The hobgoblin goes into a battle-frenzy!
The goblin hits you but does no damage. x2
You miss the goblin. Your headbutt misses the goblin.
The goblin is severely wounded.
The goblin hits you with a +0 dagger.
You die...

######.......#..........
.....#.......#..........
####.####.##.#..........
#.# #.##.#..........
####.# #.##.###.#######
...#.# #.##.# #.#
#...####..#.# #.#
##.....##.#.# #g#
###.#....#.# #@#
#..##..#.###g# ##..#..#
#gg# ##........)g.).#
###...#.....(..(.
#.#...#........
......#.....?.(
.......(.......
...##..........


You could see Robin, a hobgoblin (strong) and 3 goblins.

Vanquished Creatures
  A worm (D:2)
  A dart slug (D:2)
  2 bats
  8 endoplasms
  A giant cockroach (D:1)
  8 goblins (D:2)
  A hobgoblin (D:2)
  2 jackals (D:2)
  2 kobolds (D:1)
  3 ball pythons (D:1)
  A rat (D:2)
30 creatures vanquished.

Notes
Turn   | Place    | Note
-------+----------+-------------------------------------------
     0 | D:1      | Decritt the Minotaur Monk began the quest for the Orb.
     0 | D:1      | Reached XP level 1. HP: 19/19 MP: 0/0
   313 | D:1      | Reached XP level 2. HP: 26/27 MP: 1/1
   477 | D:1      | Reached skill level 1 in Armour
  1185 | D:2      | Reached skill level 4 in Fighting
  1238 | D:2      | Reached XP level 3. HP: 33/33 MP: 2/2
  1301 | D:2      | Noticed Robin
  1308 | D:2      | Reached skill level 1 in Polearms
  1319 | D:2      | Slain by a goblin

Illustrated notes

Levels and vault maps discovered:
D:1:      psy_arrival_spokes, layout_basic
D:2:      layout_rooms, grunt_ministairs_6, uniq_robin

Skill      XL: |  1  2  3 |
---------------+----------+-----
Armour         | 1 |  1.6
Fighting       | 4 |  4.1
Polearms       | 1 |  1.0
Maces & Flails | |  3.9
Throwing       | |  0.1
Dodging        | |  3.7
Stealth        | |  1.5

Action                   || total
-------------------------++-------
Melee: Mace              ||    20
       Headbutt          ||     6
       Trident           ||    45
Throw: Stone             ||    35
 Stab: Sleeping          ||     3
Armor: Robe              ||     1
       Plate armour      ||    37
Dodge: Dodged            ||    24

Table legend: (Time is in decaauts)
 A = Elapsed time spent in this place.
 B = Non-inter-level travel time spent in this place.
 C = Inter-level travel time spent in this place.
 D = Time resting spent in this place.
 E = Time spent auto-exploring this place.
 F = Levels seen in this place.
 G = Mean time per level.
                   A        B        C        D        E       F      G
               +--------+--------+--------+--------+--------+-----+--------+
         Total |   1337 |   1325 |     12 |      0 |   1121 |   2 |  668.5 |
       Dungeon |   1337 |   1325 |     12 |      0 |   1121 |   2 |  668.5 |
               +--------+--------+--------+--------+--------+-----+--------+

Top non-repeatable levels by time:
     D:1: 1085 daAuts
     D:2: 252 daAuts
